AoeStats
← Sr. Matanza

Arabia

510019946Analyzed
1v1 RM · 3d ago on Sep 29, 2026· 73m 43s· 2 players
Game mode
Random Map
Map size
Tiny (2 player)
Population
200
Speed
Normal
Resources
Standard
Victory
Conquest
Starting age
Dark Age
Ending age
Imperial Age
RankedLock teamsTeams togetherTeam positionsShared explorationLock speedFull tech treeHidden civsTurbo modeCheats
Victory
Defeat
🇺🇸 Teutons · United States
735
+15
🇦🇷 Inca · Argentina
723
-15
Sr. Matanza
9:40 Feudal Age
12:21 Forging
12:12 Scale Mail Armor
12:34 Loom
14:43 Padded Archer Armor
18:00 Champi Runner
24:47 Castle Age
23:06 Fletching
28:01 Champi Warrior
28:02 Pikeman
30:11 Bodkin Arrow
35:15 Chain Mail Armor
36:28 Leather Archer Armor
36:38 Ballistics
44:40 Imperial Age
43:15 Masonry
48:11 Elite Champi Warrior
51:40 Ring Archer Armor
51:10 Bracer
57:38 Halberdier
61:20 Iron Casting
61:15 Plate Mail Armor
65:40 Double-Bit Axe
68:19 Squires
68:09 Arson
Blue Haze
13:05 Feudal Age
11:44 Loom
14:16 Horse Collar
14:23 Double-Bit Axe
16:40 Man-at-Arms
17:26 Gold Mining
17:27 Stone Mining
21:37 Forging
23:16 Wheelbarrow
28:28 Castle Age
28:44 Fletching
31:16 Stone Shaft Mining
31:00 Bodkin Arrow
32:09 Heavy Plow
34:21 Ballistics
34:14 Fortified Wall
36:45 Bloodlines
37:15 Iron Casting
39:37 Elite Skirmisher
45:42 Imperial Age
45:06 Masonry
46:08 Cavalier
46:39 Capped Ram
47:22 Squires
46:43 Long Swordsman
49:34 Hoardings
49:43 Town Watch
51:09 Conscription
51:46 Bow Saw
53:38 Hand Cart
54:26 Scale Barding Armor
54:23 Scale Mail Armor
54:27 Padded Archer Armor
55:29 Blast Furnace
58:07 Paladin
59:11 Chain Barding Armor
59:07 Leather Archer Armor
63:32 Chain Mail Armor
66:01 Siege Engineers
65:58 Arson
65:58 Gambesons
65:35 Pikeman
Connection lost

Rejoining the realm…

Still unreachable

The connection could not be restored.

Session expired

The server has moved on; the page needs a fresh start.